Map: Year Zero LE

Players

Argos

  • Race: Terran Terran
  • League: Silver
  • Spawn Location: 1:00

ZaZen - Winner!

  • Race: Terran Terran
  • League: Silver
  • Spawn Location: 11:00

VOD

Have the link to the VOD?

Description

Time

  • Played on: May 18, 2019, 9:57 p.m.
  • Length: 15:11
Show
View Real Time Build Order
Export as new Build Order

Argos Terran 

Build Orders:  

Get SALT Encoding   

  12  0:01  SCV  
  13  0:16  Supply Depot  
  13  0:18  SCV  
  14  0:28  Supply Depot  
  14  0:40  Refinery  
  14  0:45  Barracks  
  14  0:52  SCV  
  15  1:09  Barracks  
  15  1:10  SCV  
  16  1:22  SCV  
  16  1:24  Refinery  
  17  1:34  SCV  
  17  1:37  Reaper  
  19  1:48  Orbital Command  
  19  1:58  Reaper  
  20  2:02  Supply Depot  
  20  2:12  Reaper  
  21  2:16  SCV  
  22  2:28  SCV  
  23  2:30  Reaper  
  24  2:38  Factory  
  24  2:40  SCV  
  25  2:52  SCV  
  25  2:53  Barracks Tech Lab  
  25  2:57  Supply Depot  
  26  3:04  SCV, Marine  
  28  3:16  SCV  
  29  3:20  Supply Depot  
  29  3:29  SCV  
  30  3:38  Marine  
  30  3:41  SCV  
  32  3:42  Marine  
  32  3:44  Siege Tank  
  36  3:51  Supply Depot  
  36  3:53  SCV  
  37  3:56  Marine  
  37  4:00  Marine  
  37  4:02  Starport  
  39  4:05  SCV  
  29  4:17  SCV  
  20  4:34  SCV  
  20  4:36  Marine  
  20  4:37  Marine  
  20  4:46  SCV  
  21  4:54  Marine  
  21  4:58  SCV  
  19  5:11  Marine  
  19  5:12  Marine  
  20  5:29  Marine  
  20  5:30  Marine  
  21  5:43  SCV  
  22  5:55  SCV  
  23  6:07  SCV, Banshee  
  27  6:19  SCV  
  28  6:31  SCV  
  29  6:37  Marine  
  29  6:38  Marine  
  31  6:41  Factory Tech Lab  
  31  6:43  SCV  
  32  6:55  SCV, Marine x2  
  32  6:57  Cloaking Field  
  35  7:07  SCV  
  36  7:11  Siege Tank  
  36  7:13  Marine x2  
  36  7:14  Medivac  
  43  7:19  SCV  
  44  7:25  Supply Depot  
  44  7:31  Marine x2  
  34  8:17  Marine x2  
  34  8:19  Banshee  
  36  8:21  Siege Tank  
  36  8:26  SCV  
  40  8:32  Engineering Bay  
  40  8:35  Marine x2  
  40  8:38  SCV  
  43  8:50  SCV  
  43  8:52  Marine  
  43  8:53  Marine  
  46  8:56  Barracks  
  46  9:03  SCV  
  47  9:11  Marine  
  47  9:14  Barracks Tech Lab  
  47  9:15  SCV  
  47  9:17  Siege Tank  
  52  9:18  Banshee  
  55  9:27  SCV  
  55  9:29  Marine  
  57  9:34  Supply Depot  
  57  9:38  Supply Depot  
  57  9:39  SCV  
  57  9:42  Marine  
  59  9:47  Marine  
  59  9:51  SCV  
  61  10:04  Marine  
  59  10:22  Marine  
  58  10:40  Marine  
  46  11:17  Marine x3  
  49  11:19  Siege Tank  
  49  11:21  SCV  
  50  11:26  Command Center  
  47  11:33  SCV  
  47  11:35  Marine x2  
  47  11:37  Armory  
  50  11:41  Starport  
  50  11:43  Marine  
  50  11:45  SCV, Stimpack  
  52  11:51  Siege Tank  
  56  11:57  SCV  
  57  12:02  Barracks Reactor  
  57  12:07  Barracks Reactor  
  56  12:09  SCV  
  56  12:15  Supply Depot  
  57  12:21  SCV  
  58  12:33  SCV, Starport Tech Lab  
  59  12:40  Missile Turret  
  59  12:45  SCV  
  60  12:57  SCV  
  61  13:01  Refinery  
  53  13:52  Marine x5  
  58  14:05  Fusion Core  
  58  14:07  Supply Depot  
  58  14:09  Marine  
  58  14:10  Orbital Command, Marine x3  
  58  14:11  Refinery  
  58  14:13  Marine  
  63  14:18  Supply Depot  
  63  14:27  Marine x2  
  65  14:35  Supply Depot  
  65  14:46  SCV  
  65  14:49  Missile Turret x2  
  64  14:58  SCV  
Show
View Real Time Build Order
Export as new Build Order

ZaZen Terran - Winner!

Build Orders:  

Get SALT Encoding   

  12  0:01  SCV  
  13  0:14  SCV  
  14  0:22  Supply Depot  
  14  0:26  SCV  
  15  0:29  Refinery  
  15  0:43  SCV  
  15  0:48  Barracks  
  16  0:56  SCV  
  17  1:02  Refinery  
  17  1:08  SCV  
  18  1:20  SCV  
  19  1:35  Reaper  
  19  1:36  Orbital Command  
  20  1:48  Factory  
  20  1:59  Supply Depot  
  20  2:05  SCV  
  20  2:07  Reaper  
  22  2:17  SCV  
  23  2:34  Hellion  
  25  2:39  Reaper  
  26  2:47  SCV, Command Center  
  27  2:57  Hellion  
  29  3:03  Supply Depot  
  29  3:04  SCV  
  30  3:16  SCV  
  30  3:34  Factory Tech Lab  
  30  3:36  Starport  
  30  3:37  Barracks Reactor  
  30  3:41  SCV  
  31  3:49  Supply Depot  
  31  3:53  SCV  
  32  4:05  SCV  
  31  4:18  Cyclone, Marine  
  31  4:19  Marine  
  22  4:49  SCV x2  
  19  5:08  SCV  
  19  5:11  Orbital Command  
  20  5:18  Starport Tech Lab  
  20  5:19  Marine  
  20  5:20  SCV  
  22  5:32  SCV  
  21  5:43  SCV  
  21  5:44  SCV  
  23  5:55  SCV  
  23  5:56  SCV  
  25  6:02  Marine x2  
  27  6:07  SCV  
  27  6:09  SCV  
  27  6:10  Raven  
  31  6:19  SCV  
  31  6:21  SCV  
  33  6:31  SCV  
  34  6:35  Siege Tank, Marine x2  
  39  6:43  SCV x2  
  39  6:44  Barracks  
  39  6:45  Barracks  
  41  6:49  Refinery  
  41  6:50  Refinery  
  41  6:55  SCV  
  41  6:56  SCV  
  43  7:07  SCV  
  44  7:14  SCV, Engineering Bay  
  45  7:17  Engineering Bay, Siege Tank  
  45  7:19  SCV  
  50  7:22  Command Center  
  50  7:29  SCV  
  50  7:31  SCV  
  51  7:41  SCV  
  51  7:43  SCV  
  31  8:07  Medivac x2  
  33  8:23  SCV x2  
  35  8:27  Barracks Reactor  
  35  8:28  Barracks Reactor  
  35  8:30  Stimpack  
  35  8:31  Siege Tank  
  38  8:35  SCV x2  
  38  8:37  Orbital Command  
  40  8:47  SCV x2  
  42  8:50  Missile Turret  
  42  8:51  Missile Turret  
  42  8:56  Missile Turret  
  42  9:00  Missile Turret  
  42  9:01  SCV  
  43  9:13  SCV x3  
  46  9:18  Marine x2  
  48  9:25  Viking  
  48  9:30  SCV x2  
  52  9:37  Marine x2  
  52  9:38  Marine x2  
  54  9:42  SCV  
  54  9:43  SCV x2  
  59  9:50  Missile Turret  
  59  9:55  SCV x3  
  62  10:02  Supply Depot  
  62  10:03  Supply Depot  
  62  10:07  SCV x2  
  62  10:08  SCV, Marine x2  
  62  10:09  Marine  
  63  11:03  SCV x3, Missile Turret  
  65  11:08  Siege Tank  
  65  11:09  Combat Shield  
  68  11:11  Viking x2  
  68  11:12  Marine x2  
  68  11:13  Marine x2  
  68  11:15  SCV x2  
  68  11:16  SCV  
  79  11:21  Barracks x2  
  79  11:22  Barracks  
  79  11:25  Refinery  
  79  11:26  Refinery  
  79  11:27  SCV  
  79  11:30  Refinery  
  79  11:32  SCV x2  
  82  11:39  SCV  
  83  11:40  Supply Depot  
  83  11:41  Terran Infantry Weapons Level 1  
  83  11:42  Terran Infantry Armor Level 1  
  83  11:43  Supply Depot  
  83  11:44  SCV  
  83  11:45  Marine  
  85  11:51  Siege Tank, Marine x3  
  91  12:01  SCV x2  
  91  12:02  SCV  
  94  12:10  Supply Depot  
  94  12:11  Supply Depot  
  94  12:13  SCV  
  94  12:14  SCV, Marine x3  
  99  12:21  Armory  
  99  12:25  SCV x2  
  99  12:26  SCV  
  102  12:35  Siege Tank  
  105  12:39  Marauder  
  105  12:40  Viking x2  
  105  12:41  Marine x2  
  113  12:51  SCV x2, Supply Depot  
  114  12:52  Barracks Reactor  
  114  12:53  Barracks Reactor x2  
  115  13:01  SCV  
  116  13:13  SCV x2  
  116  13:14  SCV  
  116  13:16  Siege Tank  
  116  13:18  Marauder  
  116  13:19  Concussive Shells  
  113  13:48  SCV  
  113  13:49  SCV x2  
  113  13:54  Missile Turret  
  116  13:58  Marine x7  
  116  13:59  Marine x4  
  116  14:00  Siege Tank  
  116  14:01  SCV x2  
  132  14:03  Medivac x2  
  132  14:09  Supply Depot  
  136  14:15  Marine  
  137  14:32  Siege Tank, Marine x4  
  137  14:33  Medivac, Marine x3  
  149  14:39  Supply Depot  
  149  14:40  Marine x3  
  149  14:44  Supply Depot  
Tags
 
Matchup
TvT
Race
Terran
Spawn Locations
Close Positions
Add a new tag
Caveats
  • Supply blocks, unpowered buildings, or Contaminate may cause inaccurate times.
  • Supply counts are checked every 10 seconds.